 Dungeon Crawl Stone Soup version 0.29-a0-356-g7bc237e783 (webtiles) character file.

Game seed: 3860637485898299211

218 NinjaNoafa the Digger (level 5, -1/31 HPs)
             Began as a Gargoyle Earth Elementalist on Apr 26, 2022.
             Slain by an orc
             ... wielding a +0 flail
              (2 damage)
             ... on level 3 of the Dungeon.
             The game lasted 00:06:28 (3278 turns).

NinjaNoafa the Digger (Gargoyle Earth Elementalist) Turns: 3278, Time: 00:06:29

Health: -1/31      AC: 14    Str: 17 (19) XL:     5   Next: 95%
Magic:  8/8        EV: 10    Int: 15 (17) God:
Gold:   121        SH:  0    Dex:  7 (10) Spells: 7/8 levels left

rFire   . . .      SeeInvis .   l - +1 battleaxe
rCold   . . .      Faith    .   (shield currently unavailable)
rNeg    + . .      Spirit   .   k - +5 ring mail "Enussaatuh" {rPois Str+7}
rPois   ∞          Reflect  .   (no helmet)
rElec   +          Harm     .   (no cloak)
rCorr   .          Rampage  .   (no gloves)
Will    .....                   (no boots)
Stlth   +.........              (no amulet)
HPRegen 0.10/turn               (no ring)
MPRegen 0.11/turn               (no ring)

@: no status effects
A: sickness immunity, AC +4, negative energy resistance 1, electricity
resistance, torment resistance 1, petrification resistance
a: no special abilities


You were on level 3 of the Dungeon.
You visited 1 branch of the dungeon, and saw 3 of its levels.

You collected 121 gold pieces.

Inventory:

Hand Weapons
 d - a +0 rapier
 l - a +1 battleaxe (weapon)
Missiles
 a - 43 stones
 q - a throwing net
 t - 8 poisoned darts
Armour
 b - a +0 robe
 k - the +5 ring mail "Enussaatuh" (worn) {rPois Str+7}
   (You found it on level 2 of the Dungeon)

   Str:       It affects your strength (+7).
   rPois:     It protects you from poison.
Scrolls
 g - a scroll of amnesia
Potions
 c - a potion of magic


   Skills:
 + Level 2.7 Fighting
 + Level 2.1 Axes
 + Level 2.6 Armour
 - Level 2.0 Dodging
 - Level 2.1 Stealth
 - Level 2.4 Spellcasting
 - Level 1.3 Transmutations
 - Level 4.1 Earth Magic


You had 7 spell levels left.
You knew the following spells:

 Your Spells              Type           Power      Damage    Failure   Level
a - Sandblast             Erth           28%        2d8       7%          1

Your spell library contained the following spells:

 Spells                   Type           Power      Damage    Failure   Level
 Passwall                 Tmut/Erth      7%         N/A       19%         2
 Slow                     Hex            4%         N/A       36%         1
 Stone Arrow              Conj/Erth      14%        3d7       45%         3
 Confusing Touch          Hex            1%         N/A       75%         3
 Vampiric Draining        Necr           1%         2d6       75%         3
 Petrify                  Tmut/Erth      9%         N/A       77%         4


Dungeon Overview and Level Annotations

Branches:
Dungeon (3/15)

Altars:
Dithmenos

Shops:
D:1 =


Innate Abilities, Weirdness & Mutations

You are immune to sickness and miasma.
Your stone body is resilient. (AC +4)
You are immune to poison.
You resist negative energy. (rN+)
You are resistant to electric shocks. (rElec)
You are resistant to unholy torment.
You are immune to petrification.


Message History

Okay, then.
As you read the scroll of fog, it crumbles to dust.
The scroll dissolves into smoke.
The orc hits you but does no damage. The orc barely misses you.
The orc wizard gestures at you while chanting.
You are confused.
The orc misses you. The orc closely misses you.
You're too confused to cast spells.
Sorry, you're not good enough to have a special ability.
You bump into the rock wall.
The orc hits you but does no damage. The orc misses you.
The orc wizard hits you but does no damage.
The orc hits you but does no damage. The orc hits you with a +0 flail.
* * * LOW HITPOINT WARNING * * *
You barely miss the orc wizard. You closely miss the orc.
You barely miss the orc. You closely miss the orc. You miss the orc.
The orc hits you but does no damage. The orc barely misses you. x2
The orc wizard hits you but does no damage.
The orc barely misses you. The orc hits you with a +0 falchion.
* * * LOW HITPOINT WARNING * * *
The orc barely misses you. x2; The orc closely misses you.
The orc wizard hits you but does no damage.
You barely miss the orc wizard. You hit the orc but do no damage.
You closely miss the orc. You miss the orc. x2
You flicker back into view.
The orc hits you but does no damage. x2; The orc wizard barely misses you.
The orc barely misses you. x2
You barely miss the orc.
The orc is almost dead.
You closely miss the orc. You miss the orc wizard. You barely miss the orc. x2
The orc closely misses you. The orc hits you but does no damage. x2
The orc wizard hits you but does no damage.
The orc hits you but does no damage. The orc barely misses you.
The orc misses you. The orc closely misses you.
The orc hits you but does no damage. The orc wizard barely misses you.
You closely miss the orc wizard. You closely miss the orc. x2
You completely miss the orc. You barely miss the orc.
You feel less confused. The orc barely misses you.
The orc hits you with a +0 flail.
You die...

#..........# #..###........
##....<...### ##.............
##.........###...#.##.......
#.####......#..#...#.......
#.# ####........#........[
#.# ##...#..###....(.)[ #..
#g§§....##.##..... #.#
#####oo§.....#.##..)..
##..##..§o@##...#...###oo##
##....>..§oo##.#..........##
##.......§§§###.##.....##....
#........†...........#.....$#
#....)..).............###!#.#
............#.###.......#....
........[.....# #.##.....##..
$...[.......#.# #. #.###.....
#...........#..... ... ......


You could see an orc wizard, 4 orcs and a goblin.

Vanquished Creatures
  An orc priest (D:3)
  Terence (D:2)
  2 orc wizards (D:3)
  4 adders (D:2)
  2 worms (D:2)
  A dart slug (D:2)
  9 orcs (D:3)
  6 ball pythons
  5 bats
  An endoplasm (D:1)
  4 giant cockroaches
  2 goblins
  6 hobgoblins
  3 jackals (D:2)
  5 kobolds
  3 quokkas
  2 frilled lizards
  3 rats
  A bush (D:1)
61 creatures vanquished.

Vanquished Creatures (others)
  An orc wizard (D:3)
  A plant (D:1)
2 creatures vanquished.

Grand Total: 63 creatures vanquished

Notes
Turn   | Place    | Note
-------+----------+-------------------------------------------
     0 | D:1      | NinjaNoafa the Gargoyle Earth Elementalist began the quest
                  | for the Orb.
     0 | D:1      | Reached XP level 1. HP: 10/10 MP: 3/3
    47 | D:1      | Found Jyfudodergh's Jewellery Shop.
   156 | D:1      | Reached skill level 1 in Transmutations
   191 | D:1      | Reached XP level 2. HP: 15/15 MP: 3/5
   649 | D:1      | Reached skill level 4 in Earth Magic
  1188 | D:2      | Reached XP level 3. HP: 18/19 MP: 2/6
  1273 | D:2      | Identified the +5 ring mail "Enussaatuh" {rPois Str+7}
  1679 | D:2      | Reached skill level 1 in Fighting
  1679 | D:2      | Reached skill level 1 in Armour
  1679 | D:2      | Reached XP level 4. HP: 25/25 MP: 4/7
  1816 | D:2      | Noticed Terence
  1826 | D:2      | Killed Terence
  1827 | D:2      | Reached skill level 1 in Axes
  1921 | D:2      | Found a faded altar of an unknown god.
  2494 | D:3      | Reached XP level 5. HP: 30/30 MP: 5/8
  2733 | D:3      | Found a shadowy altar of Dithmenos.
  3275 | D:3      | HP: 1/31 [orc/+0 falchion (2)]
  3278 | D:3      | Slain by an orc

Illustrated notes

Levels and vault maps discovered:
D:1:      saegor_arrival_simple_d, layout_loops_cross, serial_forest,
          infiniplex_forest_clump_medium, infiniplex_forest_lined_ring,
          infiniplex_forest_end_3, infiniplex_forest_clump_medium,
          infiniplex_forest_3_way, serial_shops, shop
D:2:      layout_loops_ring, shapermc_ecumenical_altar_hornbeckon, uniq_terence
D:3:      layout_rooms, nicolae_overflow_hidden_temple,
          nicolae_dithmenos_the_darkroom, lemuel_doored_altar

Skill      XL: |  1  2  3  4  5 |
---------------+----------------+-----
Transmutations | 1 |  1.3
Earth Magic    | 4 |  4.1
Dodging        | 2 |  2.0
Fighting       | 1 2 |  2.7
Armour         | 1 2 |  2.6
Axes           | 1 2 |  2.1
Stealth        | |  2.1
Spellcasting   | |  2.4

Action                   |  1- 3 |  4- 6 || total
-------------------------+-------+-------++-------
Melee: Rapier            |   139 |       ||   139
       Punch             |     2 |       ||     2
       Battleaxe         |    13 |    56 ||    69
Throw: Dart              |       |     1 ||     1
 Cast: Sandblast         |    32 |    36 ||    68
  Use: Potion            |       |     9 ||     9
       Scroll            |       |     7 ||     7
 Stab: Invisible         |       |     2 ||     2
Armor: Robe              |     3 |       ||     3
       Ring mail         |    10 |    87 ||    97
       Skin              |       |    41 ||    41
Dodge: Dodged            |    21 |   112 ||   133

Table legend: (Time is in decaauts)
 A = Elapsed time spent in this place.
 B = Non-inter-level travel time spent in this place.
 C = Inter-level travel time spent in this place.
 D = Time resting spent in this place.
 E = Time spent auto-exploring this place.
 F = Levels seen in this place.
 G = Mean time per level.
                   A        B        C        D        E       F      G
               +--------+--------+--------+--------+--------+-----+--------+
         Total |   3360 |   3259 |    101 |    210 |   2373 |   3 | 1120.0 |
       Dungeon |   3360 |   3259 |    101 |    210 |   2373 |   3 | 1120.0 |
               +--------+--------+--------+--------+--------+-----+--------+

Top non-repeatable levels by time:
     D:2: 1274 daAuts
     D:1: 1206 daAuts
     D:3: 879 daAuts
